 Seeded DCSS version 0.28.0-47-ge53b351184 (webtiles) character file.

Game seed: 11912921782358409186 (custom seed)

14 NinjaNoafa the Skirmisher (level 2, -2/27 HPs)
             Began as a Minotaur Monk on May 3, 2022.
             Slain by Sigmund
             ... wielding a +0 vorpal scythe
              (3 damage)
             ... on level 2 of the Dungeon.
             The game lasted 00:00:39 (287 turns).

NinjaNoafa the Skirmisher (Minotaur Monk)            Turns: 287, Time: 00:00:40

Health: -2/27      AC:  2    Str: 15    XL:     2   Next: 31%
Magic:  1/1        EV: 12    Int:  7    God:
Gold:   12         SH:  0    Dex: 12    Spells: 1/1 levels left

rFire   . . .      SeeInvis .   a - +0 hand axe
rCold   . . .      Faith    .   (no shield)
rNeg    . . .      Spirit   .   b - +0 robe
rPois   .          Reflect  .   (helmet restricted)
rElec   .          Harm     .   (no cloak)
rCorr   .          Rampage  .   (no gloves)
Will    .....                   (no boots)
Stlth   +.........              (no amulet)
HPRegen 0.09/turn               (no ring)
MPRegen 0.07/turn               (no ring)

@: confused
A: horns 2, retaliatory headbutt
a: no special abilities


You were on level 2 of the Dungeon.
You visited 1 branch of the dungeon, and saw 2 of its levels.

You collected 12 gold pieces.

Inventory:

Hand Weapons
 a - a +0 hand axe (weapon)
Missiles
 c - 6 boomerangs (quivered)
Armour
 b - a +0 robe (worn)
Scrolls
 e - a scroll of silence


   Skills:
 + Level 3.9 Fighting
 + Level 3.9 Axes
 * Level 1.6 Armour
 - Level 3.2 Dodging
 - Level 1.5 Stealth


You had one spell level left.
You didn't know any spells.
Your spell library was empty.

Dungeon Overview and Level Annotations

Branches:
Dungeon (1/15)

Altars:
Dithmenos

Annotations:
D:2 Sigmund


Innate Abilities, Weirdness & Mutations

You have a pair of horns on your head.
You reflexively headbutt those who attack you in melee.


Message History

Sigmund gestures wildly while chanting.
Sigmund flickers and vanishes!
Deactivating autopickup; reactivate with Ctrl-A.
You open the door.
Found a stone staircase leading down.
There is an open door here.
There is a stone staircase leading down here.
A puff of flame appears from out of thin air!
The puff of flame hits you.
Something tries to affect you, but you resist.
As you read the scroll of identify, it crumbles to dust.
e - a scroll of silence A hobgoblin comes into view.
The hobgoblin shouts!
A quokka comes into view.
The hobgoblin misses you.
You hit the hobgoblin.
The hobgoblin is lightly wounded.
The hobgoblin closely misses you. You furiously retaliate!
You headbutt the hobgoblin.
You kill the hobgoblin!
The quokka closely misses you.
Sigmund casts a spell.
Sigmund flickers and vanishes!
You hit the quokka but do no damage. The quokka misses you.
You furiously retaliate!
You headbutt the quokka, but do no damage.
The quokka bites you but does no damage.
You hit the quokka. You headbutt the quokka.
You kill the quokka!
You are confused.
Found a scroll labelled JYQUJA WEADUUR.
A puff of flame appears from out of thin air!
The puff of flame hits you!
Ouch! That really hurt!
You aren't carrying any potions.
You bump into the rock wall.
You bump into the rock wall.
Something hits you!
* * * LOW HITPOINT WARNING * * *
You die...

#.##.#####.....#....
#.##.# #.....#....
#.##.# #.....#....
#.##.# #..........
#.#... #..........
#######.#..##
######...
#.......#...# # ...
#.########..#.#
#........@....####
##########........
.......###.####
.#####. .. .. # .#.
..## .. ?..


There were no monsters in sight!

Vanquished Creatures
  2 endoplasms (D:1)
  2 giant cockroaches (D:1)
  2 goblins (D:1)
  2 hobgoblins
  2 kobolds
  A quokka (D:2)
11 creatures vanquished.

Notes
Turn   | Place    | Note
-------+----------+-------------------------------------------
     0 | D:1      | NinjaNoafa the Minotaur Monk began the quest for the Orb.
     0 | D:1      | Reached XP level 1. HP: 19/19 MP: 0/0
    93 | D:1      | Reached skill level 1 in Armour
   115 | D:1      | Reached XP level 2. HP: 21/27 MP: 1/1
   127 | D:1      | You fall into a shaft and drop 1 floor!
   127 | D:2      | Found a shadowy altar of Dithmenos.
   248 | D:2      | Noticed Sigmund
   287 | D:2      | HP: 1/27 [something (10)]
   287 | D:2      | Slain by Sigmund

Illustrated notes

Levels and vault maps discovered:
D:1:      roderic_dead_forest, layout_basic,
          shapermc_ecumenical_altar_mp_urbaneastern,
          kennysheep_decorative_pillar
D:2:      layout_basic, basic_altar, minmay_strange_pillars,
          minmay_misc_feat_four_crosses, hex_tiny, kennysheep_generic_room_10,
          uniq_sigmund, uniq_crazy_yiuf_cottage

Skill      XL: |  1 |
---------------+----+-----
Armour         | 1 |  1.6
Fighting       | |  3.9
Axes           | |  3.9
Dodging        | |  3.2
Stealth        | |  1.5

Action                   || total
-------------------------++-------
Melee: Hand axe          ||    18
       Headbutt          ||     4
  Use: Scroll            ||     2
Armor: Robe              ||     3
Dodge: Dodged            ||    12
